 Dungeon Crawl Stone Soup version 0.30.1-4-g462c640d31 (webtiles) character file.

Game seed: 17564134901146986718

101 booth the Chopper (level 4, -3/51 HPs)
             Began as a Demonspawn Gladiator on Aug 20, 2023.
             Slain by Blork the orc
             ... wielding a +2 vampiric halberd
              (6 damage)
             ... on level 4 of the Dungeon.
             The game lasted 00:11:33 (2296 turns).

booth the Chopper (Demonspawn Gladiator)            Turns: 2296, Time: 00:11:33

Health: -3/51      AC: 22    Str: 16    XL:     4   Next: 48%
Magic:  5/5        EV:  2    Int: 10    God:
Gold:   141        SH:  0    Dex: 14    Spells: 4/4 levels left

rFire   . . .        a - +1 war axe
rCold   . . .        (no shield)
rNeg    . . .        b - melded +1 leather armour
rPois   +            (helmet currently unavailable)
rElec   .            (cloak currently unavailable)
rCorr   .            (gloves currently unavailable)
SInv    .            m - melded +0 pair of boots
Will    .....        (no amulet)
Stlth   +            (no ring)
HPRegen 0.28/turn    (no ring)
MPRegen 0.09/turn

%: no passive effects
@: tree-form
A: stationary, stasis, torment immunity, boosted hp, (antennae 1), (spiny 1),
(demonic touch 1)
a: no special abilities


You were on level 4 of the Dungeon.
You were a tree.
You visited 1 branch of the dungeon, and saw 4 of its levels.

You collected 141 gold pieces.

Inventory:

Hand Weapons
 a - a +1 war axe (weapon)
 k - a +0 mace
Missiles
 d - 3 throwing nets (quivered)
 e - a javelin
Armour
 b - a +1 leather armour (melded)
 m - a +0 pair of boots (melded)
Jewellery
 f - a ring of magical power
Wands
 j - a wand of roots (5)
Scrolls
 c - a scroll of blinking
 i - a scroll of immolation
 o - 2 scrolls of fog
 p - a scroll of magic mapping


   Skills:
 + Level 2.7 Fighting
 * Level 3.5 Axes
 + Level 2.4 Throwing
 + Level 3.2 Dodging
 + Level 0.8 Spellcasting


You had 4 spell levels left.
You didn't know any spells.
Your spell library contained the following spells:

 Spells                   Type           Power      Damage    Failure   Level
 Summon Guardian Golem    Hex/Summ       0%         N/A       71%         3
 Orb of Destruction       Conj           0%         9d5       100%        7
 Spellforged Servitor     Conj/Summ      0%         N/A       100%        7


Dungeon Overview and Level Annotations

Branches:
Dungeon (4/15)
 Temple: D:4-7

Altars:
Ashenzari
Fedhas

Shops:
D:1 *

Annotations:
D:4 Blork the orc


Innate Abilities, Weirdness & Mutations

You are a tree.
Your roots penetrate the ground, keeping you stationary.
You cannot be teleported.
You are immune to unholy pain and torment.
Your maximum health is greatly increased.
Your equipment is partially melded.
((You have a pair of small antennae on your head.))
((You are partially covered in sharp spines.))
((Your touch may inflict minor irresistible damage on your foes.))


Message History

Blork the orc comes into view.
He is wielding a +2 vampiric halberd and wearing a +1 robe of willpower.
Blork the orc shouts!
Blork the orc screams, "I'll break your arms!"
Blork the orc barely misses you.
Blork the orc gestures at you while chanting.
The puff of flame hits you.
Blork the orc hits you with a +2 vampiric halberd.
You hit Blork the orc. Your touch misses Blork the orc.
Blork the orc is lightly wounded.
Blork the orc casts a spell.
Blork the orc seems to speed up.
Blork the orc is struck by your spines.
Blork the orc hits you with a +2 vampiric halberd!
Blork the orc draws strength from your wounds!
You barely miss Blork the orc.
You touch Blork the orc!
Blork the orc is heavily wounded.
Blork the orc is struck by your spines. Blork the orc completely misses you.
Blork the orc hits you with a +2 vampiric halberd!
* * * LOW HITPOINT WARNING * * *
You feel better.
Blork the orc screams, "I'll rip your head off!"
Blork the orc points at you and mumbles some strange words.
The puff of flame hits you.
* * * LOW HITPOINT WARNING * * *
As you read the scroll of teleportation, it crumbles to dust.
You feel strangely unstable. Blork the orc is struck by your spines.
Blork the orc hits you with a +2 vampiric halberd.
* * * LOW HITPOINT WARNING * * *
Blork the orc closely misses you.
Really quaff the potion of lignification?
You turn into a tree.
Your +0 pair of boots melds into your body.
Your +1 leather armour melds into your body.
Your roots penetrate the ground.
You feel strangely stable.
Blork the orc hits you with a +2 vampiric halberd.
* * * LOW HITPOINT WARNING * * *
Blork the orc draws strength from your wounds!
You closely miss Blork the orc.
Blork the orc is heavily wounded.
Blork the orc hits you with a +2 vampiric halberd.
You die...

#########.
.........
#.......#
#.# #o#
#♣# #.#
#.# #.#
#.# #.#
#.# #.#
#.#


You could see Blork the orc (fast).

Vanquished Creatures
  Ijyb (D:4)
  An adder (D:2)
  A dart slug (D:2)
  An orc (D:3)
  3 ball pythons
  5 bats
  9 endoplasms
  2 giant cockroaches (D:1)
  4 goblins
  7 hobgoblins
  6 kobolds
  5 quokkas
  4 frilled lizards
  5 rats
54 creatures vanquished.

Notes
Turn   | Place    | Note
-------+----------+-------------------------------------------
     0 | D:1      | booth the Demonspawn Gladiator began the quest for the Orb.
     0 | D:1      | Reached XP level 1. HP: 16/16 MP: 1/1
    65 | D:1      | Found Tetumim's General Store.
   210 | D:1      | Discovered your monstrous ancestry.
   210 | D:1      | Gained mutation: Your touch may inflict minor irresistible
                  | damage on your foes. [demonic ancestry]
   210 | D:1      | Reached XP level 2. HP: 22/22 MP: 2/2
   274 | D:1      | Found a faded altar of an unknown god.
   455 | D:1      | Gained mutation: You are partially covered in sharp spines.
                  | [demonic ancestry]
   455 | D:1      | Reached XP level 3. HP: 28/28 MP: 3/3
  1434 | D:3      | Found a blossoming altar of Fedhas.
  1534 | D:3      | Found a broken altar of Ashenzari.
  1537 | D:3      | Gained mutation: You have a pair of small antennae on your
                  | head. [demonic ancestry]
  1537 | D:3      | Reached XP level 4. HP: 29/34 MP: 4/4
  2264 | D:4      | Noticed Ijyb
  2271 | D:4      | Killed Ijyb
  2284 | D:4      | Noticed Blork the orc
  2292 | D:4      | HP: 1/34 [Blork the orc/+2 vampiric halberd (11)]
  2296 | D:4      | Slain by Blork the orc

Illustrated notes

Levels and vault maps discovered:
D:1:      amcnicky_arrival_flooded_fountain, layout_loops_ring, serial_shops,
          nicolae_shop_tiny_waterfront, ebering_ecumenical_altar_mist
D:2:      layout_rooms
D:3:      layout_basic, fedhas_ov_isle_minmay, mainiacjoe_overflow_chevrons,
          grunt_decor_cap, hangedman_decor_clover_reticule, minmay_misc_feat_chi
D:4:      minmay_polygon_palace, layout_basic, uniq_ijyb, uniq_blork_the_orc

Skill      XL: |  1  2 |
---------------+-------+-----
Throwing       | 2 |  2.4
Axes           | 3 |  3.5
Dodging        | 3 |  3.2
Fighting       | |  2.7
Spellcasting   | |  0.8

Action                     |  1- 3 |  4- 6 || total
---------------------------+-------+-------++-------
  Melee: War axe           |    65 |    12 ||    77
         Touch             |     7 |     3 ||    10
    Use: Scroll            |     8 |     4 ||    12
         Potion            |     1 |     2 ||     3
   Stab: Sleeping          |     3 |       ||     3
 Armour: Leather armour    |    12 |     3 ||    15
  Dodge: Dodged            |    27 |     6 ||    33
